 Dungeon Crawl Stone Soup version 0.23.2-1-ga50397a (webtiles) character file.

Game seed: 427577365358839313

1009 Larmestyx the Sneak (level 8, 0/51 (52) HPs)
             Began as an Octopode Wizard on May 19, 2019.
             Was a Believer of Yredelemnul.
             Slain by a killer bee (2 damage)
             ... on level 8 of the Dungeon on May 21, 2019.
             The game lasted 02:23:23 (10050 turns).

Larmestyx the Sneak (Octopode Wizard)              Turns: 10050, Time: 02:23:24

HP:   0/51 (52)     AC:  7    Str:  7    XL:     8   Next: 21%
MP:   1/14          EV: 14    Int: 20    God:    Yredelemnul [**....]
Gold: 425           SH:  0    Dex: 12    Spells: 5/16 levels left

rFire    + . .     SeeInvis .   v - +0 spear
rCold    . . .     Gourm    .   (no shield)
rNeg     . . .     Faith    .   a - +1 hat
rPois    .         Spirit   .   (no amulet)
rElec    .         Reflect  .   e - +5 ring of protection
rCorr    .         Harm     .   (no ring)
MR       .....                  w - ring of protection from fire
Stlth    ++++......             (no ring)
HPRegen  0.17/turn              (no ring)
MPRegen  0.14/turn              (no ring)
                                (no ring)
                                (no ring)

@: lethally poisoned (0 -> -11), very slightly contaminated
A: almost no armour, stealthy swim, amphibious, 8 rings, constrict 8, camouflage
1, gelatinous body 1
a: Animate Remains, Recall Undead Slaves, Injury Mirror, Renounce Religion


You were on level 8 of the Dungeon.
You worshipped Yredelemnul.
Yredelemnul was pleased with you.
You were not hungry.

You visited 1 branch of the dungeon, and saw 8 of its levels.

You collected 425 gold pieces.

Inventory:

Hand Weapons
 p - a +2 hunting sling of velocity
 v - a +0 spear (weapon)
 x - a +0 halberd
 C - a +0 trident
Missiles
 i - 305 stones (quivered)
Armour
 a - a +1 hat (worn)
Jewellery
 e - a +5 ring of protection (left tentacle)
 w - a ring of protection from fire (on tentacle)
Wands
 g - a wand of enslavement (9)
Scrolls
 d - a scroll of fear
 f - 3 scrolls of immolation
 j - 3 scrolls of enchant weapon {unknown}
 k - a scroll of random uselessness {unknown}
 l - a scroll of enchant armour
 n - a scroll of identify
 o - 6 scrolls of teleportation
 q - 2 scrolls of amnesia {unknown}
 r - 2 scrolls of magic mapping
 E - a scroll of fog {unknown}
 G - 4 scrolls of remove curse
Potions
 b - 3 potions of invisibility {unknown}
 h - 4 potions of haste {unknown}
 m - 3 potions of curing {unknown}
 s - a potion of mutation {unknown}
 t - a potion of degeneration {unknown}
 u - 2 potions of lignification {unknown}
 A - a potion of cancellation {unknown}
 B - a potion of heal wounds {unknown}
 D - a potion of agility {unknown}
Comestibles
 c - 10 rations
 z - 2 chunks of flesh


   Skills:
 + Level 3.0 Fighting
 + Level 3.0 Dodging
 - Level 5.0 Stealth
 + Level 4.6 Spellcasting
 + Level 3.4 Conjurations
 - Level 2.0 Summonings
 - Level 2.0 Translocations
 - Level 2.0 Fire Magic
 - Level 2.5 Air Magic
 - Level 2.7 Poison Magic
 + Level 1.8 Invocations


You had 5 spell levels left.
You knew the following spells:

 Your Spells              Type           Power        Failure   Level  Hunger
a - Magic Dart            Conj           ###.         3%          1    None
b - Call Imp              Summ           ##......     9%          2    #......
c - Blink                 Tloc           N/A          8%          2    #......
d - Mephitic Cloud        Conj/Pois/Air  ###.....     11%         3    ##.....
e - Conjure Flame         Conj/Fire      ###.....     12%         3    ##.....

Your spell library contained the following spells:

 Spells                   Type           Power        Failure   Level  Hunger
 Slow                     Hex            #.......     19%         2    #......


Dungeon Overview and Level Annotations

Branches:
Dungeon (8/15)
 Temple: D:4-7         Lair: D:8-11

Altars:
Ashenzari
Dithmenos
Elyvilon
Vehumet
Xom
Yredelemnul


Innate Abilities, Weirdness & Mutations

You cannot wear most types of armour.
You are very stealthy in the water. (Stealth+)
You are amphibious.
You can wear up to eight rings at the same time.
You can use your tentacles to constrict eight enemies at once.
Your skin changes colour to match your surroundings (Stealth+).
Your rubbery body absorbs attacks. (AC +1, EV +1)


Message History

The killer bee appears confused.
The killer bee is engulfed in noxious fumes.
The killer bee appears confused.
The killer bee stings you.
* * * LOW HITPOINT WARNING * * *
The killer bee is engulfed in noxious fumes.
The killer bee appears confused.
The killer bee stings you but does no damage.
The killer bee is engulfed in noxious fumes.
The killer bee appears confused.
You are engulfed in noxious fumes.
* * * LOW HITPOINT WARNING * * *
You feel sick.
The killer bee is engulfed in noxious fumes.
The killer bee appears confused.
The killer bee closely misses you.
The killer bee is engulfed in noxious fumes.
The killer bee appears confused.
The killer bee closely misses you.
The killer bee is engulfed in noxious fumes.
The killer bee appears confused.
The killer bee stings you.
You die...
Your body rises from the dead as a mindless zombie.

#.....[.# #.......########..
#.#...#.# #..####.....)....#
#.##.##.# #..# #.########.#
#.##.##.###..####.## #.....#
#.##.##............###.###.#
#.##.######..####.#....# #.#
#.##.# #..###.###.### #.#
#.##.# #y.##.## ##.# #.#
#.##.######@☼###.###.^####.#
#.##.......y○####.#........#
#.#########...# ##.##.######
#.....# ###.# ####.# #####.#
#####.#######.# #.#
#...........#.######
#.###.###.#####.........
#.##...##.######..######
#.##...#..........# #.


You could see 2 killer bees.

Vanquished Creatures
  A necrophage (D:8)
  A bullfrog (D:7)
  A killer bee (D:7)
  A howler monkey (D:8)
  2 crimson imps (D:8)
  3 worker ants
  A hound skeleton (D:6)
  A worker ant zombie (D:5)
  A howler monkey zombie (D:6)
  An ooze (D:5)
  2 dart slugs
  6 leopard geckos
  8 orcs
  6 giant cockroaches
  3 goblins
  7 hobgoblins
  5 jackals
  3 quokkas
  13 bats
  4 frilled lizards
  7 kobolds
  6 rats
83 creatures vanquished.

Vanquished Creatures (collateral kills)
  A black bear (D:8)
  2 ogres
  A bullfrog (D:6)
  A scorpion (D:8)
  2 howler monkeys (D:7)
  A centaur zombie (D:5)
  4 orc wizards
  A centaur skeleton (D:4)
  Jessica (D:2)
  5 worker ants
  4 gnolls (D:4)
  5 adders
  An ooze (D:5)
  An adder skeleton (D:4)
  5 worms
  A dart slug (D:2)
  3 orcs
  3 bats
  2 giant cockroaches
  2 goblins
  A hobgoblin (D:2)
  4 jackals
  A quokka (D:5)
  A kobold (D:2)
  A quokka skeleton (D:6)
  A quokka zombie (D:6)
55 creatures vanquished.

Grand Total: 138 creatures vanquished

Notes
Turn   | Place    | Note
-------+----------+-------------------------------------------
     0 | D:1      | Larmestyx the Octopode Wizard began the quest for the Orb.
     0 | D:1      | Reached XP level 1. HP: 11/11 MP: 4/4
   275 | D:1      | Reached XP level 2. HP: 17/17 MP: 3/6
   353 | D:1      | Reached skill level 3 in Stealth
   446 | D:1      | Learned a level 2 spell: Call Imp
   449 | D:1      | Learned a level 2 spell: Blink
   856 | D:1      | Reached XP level 3. HP: 17/21 MP: 7/7
  1757 | D:2      | Found a faded altar of an unknown god.
  1977 | D:2      | Noticed Jessica
  2342 | D:2      | Killed Jessica
  2342 | D:2      | Reached XP level 4. HP: 24/27 MP: 0/9
  2502 | D:2      | Learned a level 3 spell: Mephitic Cloud
  2593 | D:3      | Reached skill level 4 in Stealth
  2768 | D:3      | Found a shadowy altar of Dithmenos.
  2770 | D:3      | Found a basalt altar of Yredelemnul.
  2770 | D:3      | Found a radiant altar of Vehumet.
  2978 | D:3      | Found a shimmering altar of Xom.
  3050 | D:3      | Found a shattered altar of Ashenzari.
  3053 | D:3      | Became a worshipper of Yredelemnul the Dark
  4052 | D:4      | Noticed an ogre
  4061 | D:4      | Killed an ogre
  4061 | D:4      | Reached skill level 1 in Air Magic
  4061 | D:4      | Reached skill level 1 in Poison Magic
  4061 | D:4      | Reached XP level 5. HP: 32/32 MP: 3/10
  4746 | D:4      | Learned a level 3 spell: Conjure Flame
  4773 | D:4      | Reached skill level 1 in Fighting
  4844 | D:4      | Reached XP level 6. HP: 38/38 MP: 2/11
  4984 | D:4      | Reached * piety under Yredelemnul
  5440 | D:5      | Entered Level 5 of the Dungeon
  5648 | D:5      | Found a white marble altar of Elyvilon.
  7179 | D:6      | Noticed an orc warrior
  7553 | D:6      | Reached skill level 1 in Fire Magic
  7625 | D:6      | Reached XP level 7. HP: 33/44 MP: 8/13
  8126 | D:6      | Got a slimy robe
  8257 | D:6      | Reached skill level 5 in Stealth
  8709 | D:7      | Noticed a hornet
  9437 | D:8      | Reached skill level 1 in Invocations
  9588 | D:8      | Reached XP level 8. HP: 44/50 MP: 11/14
  9961 | D:7      | Reached ** piety under Yredelemnul
 10050 | D:8      | HP: 2/51 [poisoned by a killer bee]
 10050 | D:8      | Slain by a killer bee

Skill      XL: |  1  2  3  4  5  6  7  8 |
---------------+-------------------------+-----
Stealth        | 3 4 5 |  5.0
Conjurations   | 2 3 |  3.4
Air Magic      | 1 2 |  2.5
Poison Magic   | 1 2 |  2.7
Fighting       | 1 2 3 |  3.0
Spellcasting   | 4 |  4.6
Summonings     | 2 |  2.0
Fire Magic     | 1 2 |  2.0
Translocations | 2 |  2.0
Invocations    | 1 |  1.8
Dodging        | 3 |  3.0

Action                   |  1- 3 |  4- 6 |  7- 9 || total
-------------------------+-------+-------+-------++-------
Melee: Unarmed           |    63 |     5 |       ||    68
       Constrict         |    19 |     5 |    13 ||    37
       Tentacles         |    10 |     2 |    11 ||    23
       Trident           |       |    23 |    28 ||    51
       Halberd           |       |     1 |       ||     1
       Spear             |       |       |    25 ||    25
 Cast: Magic Dart        |    68 |   111 |    28 ||   207
       Call Imp          |    25 |    91 |    41 ||   157
       Mephitic Cloud    |       |     3 |     5 ||     8
       Conjure Flame     |       |       |     1 ||     1
  Use: Scroll            |       |     6 |       ||     6
 Stab: Sleeping          |     6 |       |     1 ||     7
  Eat: Chunk             |     5 |    14 |     7 ||    26
       Ration            |       |     2 |       ||     2
Armor: Skin              |    35 |    13 |    16 ||    64
Dodge: Dodged            |    44 |    30 |    58 ||   132
